 Dungeon Crawl Stone Soup version bcrawl-1.41.1 (webtiles) character file.

Game seed: 17521816035757098994

104105 Grimmash the Sneak (level 3, -4/36 HPs)
             Began as an Ent Archaeologist on Apr 19, 2024.
             Slain by a worm (9 damage)
             ... on level 2 of the Dungeon.
             The game lasted 00:01:35 (1279 turns).

Grimmash the Sneak (Ent Archaeologist)              Turns: 1279, Time: 00:01:35

Health: -4/36      AC: 12    Str: 18    XL:     3   Next: 16%
Magic:  4/4        EV: 10    Int: 18    God:
Gold:   89         SH:  0    Dex:  8    Spells: 3/3 levels left

rFire    . . .     GDR:     29% a - +0 whip
rCold    . . .     SeeInvis .   (no shield)
rNeg     + + +     Gourm    .   (armour unavailable)
rPois    +         Faith    .   c - +1 hat
rElec    .         Spirit   .   i - +0 cloak
rCorr    .         Reflect  .   (gloves unavailable)
MR       .....                  (boots unavailable)
Stlth    ++........             l - amulet "Yprooqin" {Inacc Int+3} (curse)
HPRegen  0.16/turn              (no ring)
MPRegen  0.09/turn              (no ring)

@: very slow
A: large, slow actions, passwall, strong branches, negative energy resistance 3,
poison resistance, slow metabolism 1, torment resistance, unbreathing, AC +10
a: Passwall


You were on level 2 of the Dungeon.
You were very hungry.

You visited 1 branch of the dungeon, and saw 2 of its levels.

You collected 89 gold pieces.

Inventory:

Hand Weapons
 a - a +0 whip (weapon)
 b - a +0 blowgun
Missiles
 d - 39 curare-tipped needles
 n - 97 poisoned needles
Armour
 c - a +1 hat (worn)
 i - a +0 cloak (worn)
Jewellery
 l - the cursed amulet "Yprooqin" (around neck) {Inacc Int+3}
   (You found it on level 1 of the Dungeon)

   [amulet of inaccuracy]

   It reduces the accuracy of all your attacks.
   It affects your intelligence (+3).
   It has a curse placed upon it.
Scrolls
 g - a scroll of revelation
Potions
 h - a potion of degeneration {unknown}
 k - 2 potions of agility {unknown}
 m - a potion of mutation {unknown}
 o - a potion of flight {unknown}
 p - a potion of curing {unknown}
Miscellaneous
 f - a dusty tome
Comestibles
 e - 3 rations {!d}


   Skills:
 * Level 1.3 Fighting
 * Level 1.7 Maces & Flails
 * Level 3.4 Dodging
 + Level 3.8 Stealth
 * Level 0.8 Spellcasting


You had 3 spell levels left.
You didn't know any spells.
Your spell library was empty.

Dungeon Overview and Level Annotations

Branches:
Dungeon (2/12)

Altars:


Innate Abilities, Weirdness & Mutations

You move and act slowly.
You can pass through walls and trees.
Your branches can wield two-handed weapons with a shield.
Your thick bark is tough. (AC +10)
You are too large for most types of armour.
You are immune to negative energy. (rN+++)
Your system is resistant to poisons. (rPois)
You have a slow metabolism.
You are immune to unholy pain and torment.
You can survive without breathing.


Message History

The worm bites you!
* * * LOW HITPOINT WARNING * * *
No path to travel!
You hit the worm.
The worm is moderately wounded.
The worm bites you.
* * * LOW HITPOINT WARNING * * *
You hit the worm.
The worm is heavily wounded.
The worm bites you but does no damage.
You hit the worm.
The worm is heavily wounded.
The worm bites you but does no damage.
You closely miss the worm.
The worm is heavily wounded.
The worm barely misses you.
You barely miss the worm.
The worm is heavily wounded.
The worm bites you!
You die...

#.#.#.#.#
#.#.#.#.# #
#.#.#.#.#
#.#.#.#.#.#
#.#.#.#.#.######.
#......).........
###.#.#.#.#######
#.#.#........#
#@#.####.###+#
#w#......#
#.######## #..
###


You could see a worm.

Vanquished Creatures
  3 dart slugs (D:1)
  4 bats (D:1)
  2 giant cockroaches (D:1)
  3 goblins (D:1)
  5 hobgoblins (D:1)
  2 jackals (D:1)
  3 frilled lizards (D:1)
  2 kobolds
  4 rats (D:1)
28 creatures vanquished.

Notes
Turn   | Place    | Note
-------+----------+-------------------------------------------
     0 | D:1      | Grimmash the Ent Archaeologist began the quest for the Orb.
     0 | D:1      | Reached XP level 1. HP: 21/21 MP: 1/1
   242 | D:1      | Reached XP level 2. HP: 28/29 MP: 2/2
   356 | D:1      | Got a bound crystal amulet
   416 | D:1      | Identified the cursed amulet "Yprooqin" {Inacc Int+3} (You
                  | found it on level 1 of the Dungeon)
   913 | D:1      | Reached XP level 3. HP: 36/36 MP: 4/4
  1279 | D:2      | Slain by a worm

Skill      XL: |  1 |
---------------+----+-----
Dodging        | 3 |  3.4
Fighting       | |  1.3
Maces & Flails | |  1.7
Stealth        | |  3.8
Spellcasting   | |  0.8

Action                   || total
-------------------------++-------
Melee: Whip              ||   176
  Use: Scroll            ||     1
 Stab: Sleeping          ||     3
  Eat: Chunk             ||     4
Armor: Skin              ||   129
Dodge: Dodged            ||   153
